Map: Abyssal Reef LE

Players

Musumeci - Winner!

  • Race: Zerg Zerg
  • League: Diamond
  • Spawn Location: 5:00

MichyMoko

  • Race: Zerg Zerg
  • Spawn Location: 11:00

VOD

Have the link to the VOD?

Description

Time

  • Played on: March 19, 2017, 9:30 a.m.
  • Length: 10:50
Show
View Real Time Build Order
Export as new Build Order

Musumeci Zerg - Winner!

Build Orders: Pool First 

Get SALT Encoding   

  12  0:00  Drone  
  13  0:07  Drone  
  14  0:16  Extractor  
  14  0:17  Drone  
  15  0:22  Overlord  
  15  0:40  Drone x2  
  17  0:47  Extractor  
  16  0:51  Spawning Pool  
  15  0:57  Drone  
  15  0:58  Drone  
  17  1:23  Hatchery  
  16  1:37  Queen  
  18  1:40  Drone  
  18  1:44  Drone  
  20  1:52  Metabolic Boost  
  20  1:57  Drone  
  20  2:00  Drone  
  22  2:14  Overlord  
  22  2:25  Drone, Roach Warren  
  22  2:31  Overlord  
  22  2:38  Drone  
  22  2:39  Drone  
  24  2:51  Zergling x2  
  24  2:52  Zergling x6  
  28  3:03  Drone  
  28  3:04  Drone x2  
  31  3:07  Roach  
  33  3:14  Roach  
  33  3:19  Drone  
  36  3:35  Roach  
  36  3:36  Roach  
  36  3:39  Hatchery  
  37  3:52  Roach x3  
  43  3:58  Queen  
  41  4:25  Roach  
  41  4:26  Overlord  
  41  4:27  Overlord  
  43  4:32  Drone  
  42  4:57  Queen  
  42  4:58  Drone  
  42  4:59  Queen  
  47  5:08  Evolution Chamber  
  47  5:09  Evolution Chamber  
  47  5:10  Evolution Chamber  
  47  5:11  Extractor  
  47  5:12  Lair  
  43  5:14  Drone  
  43  5:15  Drone x2  
  43  5:17  Drone x2  
  43  5:18  Drone x11  
  59  5:29  Roach x2  
  59  5:33  Roach  
  65  5:41  Drone  
  66  5:46  Overlord  
  66  5:47  Overlord x2  
  66  5:54  Extractor x2  
  64  5:58  Roach  
  66  6:11  Drone  
  66  6:12  Drone x3, Spire  
  66  6:13  Drone  
  56  6:44  Roach x3  
  62  6:49  Extractor  
  62  6:50  Drone x5  
  62  6:51  Drone x11  
  77  6:56  Extractor  
  77  6:58  Glial Reconstitution  
  76  7:11  Roach x3  
  81  7:28  Overlord x2  
  81  7:29  Overlord x2  
  81  7:35  Overseer  
  81  7:46  Spine Crawler, Mutalisk x7  
  81  7:47  Spine Crawler  
  81  7:48  Spine Crawler  
  92  7:57  Mutalisk  
  92  7:58  Mutalisk  
  96  8:12  Mutalisk x2  
  100  8:22  Zerg Flyer Weapons Level 1  
  100  8:25  Drone x2  
  102  8:51  Mutalisk x2  
  102  8:54  Overlord x6  
  106  9:15  Mutalisk x8  
  122  9:27  Mutalisk x2  
  126  9:32  Drone x7  
  126  9:33  Drone x4  
  137  9:45  Corruptor x2  
  137  9:46  Overlord  
  131  10:14  Mutalisk x5  
Show
View Real Time Build Order
Export as new Build Order

MichyMoko Zerg 

Build Orders: Pool First 

Get SALT Encoding   

  12  0:01  Drone  
  13  0:14  Overlord  
  13  0:17  Drone  
  14  0:32  Drone x2  
  16  0:36  Drone  
  17  0:48  Spawning Pool  
  17  0:49  Drone  
  17  0:55  Extractor  
  16  1:00  Drone  
  17  1:29  Hatchery  
  16  1:34  Drone x3  
  19  1:42  Queen  
  19  1:46  Zergling x2  
  22  1:59  Overlord  
  22  2:13  Zergling x2  
  22  2:21  Queen  
  24  2:23  Metabolic Boost  
  24  2:25  Zergling x2  
  25  2:37  Baneling Nest  
  25  2:41  Queen  
  25  2:43  Drone  
  27  2:46  Drone  
  27  2:51  Drone  
  29  2:55  Drone  
  30  3:03  Drone x2  
  33  3:05  Zergling x2  
  33  3:14  Overlord  
  31  3:55  Drone, Zergling x4  
  34  3:56  Drone x7  
  41  4:18  Extractor  
  41  4:21  Zergling x8  
  41  4:24  Overlord x3  
  43  4:43  Drone  
  43  4:44  Drone x3  
  46  4:55  Lair  
  46  5:03  Queen, Roach Warren  
  47  5:15  Extractor  
  47  5:17  Extractor  
  45  5:26  Hatchery  
  44  5:59  Overlord x2  
  44  6:00  Roach x3  
  44  6:01  Roach x3, Zergling x2  
  44  6:02  Zergling x20  
  67  6:21  Zergling x2  
  67  6:22  Zergling x10  
  71  6:31  Drone x2  
  67  6:54  Ravager x6  
  73  7:03  Drone  
  73  7:04  Drone x7, Overlord x2  
  73  7:06  Evolution Chamber x2  
  64  7:32  Zergling x6  
  64  7:33  Zergling x12  
  73  7:37  Drone  
  73  7:38  Drone x2  
  76  7:56  Unknown  
  76  8:08  Zerg Ground Armor Level 1, Zerg Missile Weapons Level 1  
  76  8:17  Spire  
  75  8:22  Roach x5  
  68  8:58  Spore Crawler  
  54  9:19  Spore Crawler  
  54  9:20  Spore Crawler  
  54  9:22  Spore Crawler  
  51  9:30  Spore Crawler  
  50  9:32  Overlord x3  
  50  9:33  Overlord x4  
  49  9:50  Queen x2  
  51  10:01  Mutalisk  
  51  10:02  Mutalisk x3  
  51  10:06  Mutalisk  
  59  10:18  Mutalisk  
Tags
 
League
Diamond
Matchup
ZvZ
Race
Zerg
Replay Pack
replay pack
Spawn Locations
Cross Positions
Add a new tag
Caveats
  • Supply blocks, unpowered buildings, or Contaminate may cause inaccurate times.
  • Supply counts are checked every 10 seconds.